 Dungeon Crawl Stone Soup version 0.23.2-1-ga50397a (webtiles) character file.

Game seed: 333533766036699276

79 Fang the Skirmisher (level 4, -6/29 HPs)
             Began as a Gargoyle Berserker on Apr 30, 2019.
             Was a Follower of Trog.
             Mangled by a worm (9 damage)
             ... on level 2 of the Dungeon.
             The game lasted 00:01:09 (875 turns).

Fang the Skirmisher (Gargoyle Berserker)             Turns: 875, Time: 00:01:10

Health: -6/29      AC:  5    Str: 21    XL:     4   Next: 38%
Magic:  4/4        EV: 12    Int:  8    God:    Trog [*.....]
Gold:   79         SH:  0    Dex:  9    Spells: 3/3 levels left

rFire    . . .     SeeInvis .   a - +0 hand axe
rCold    . . .     Gourm    .   (no shield)
rNeg     + . .     Faith    .   b - +0 animal skin
rPois    ∞         Spirit   .   (no helmet)
rElec    +         Reflect  .   (no cloak)
rCorr    .         Harm     .   (no gloves)
MR       .....                  (no boots)
Stlth    +.........             (no amulet)
HPRegen  0.09/turn              (no ring)
MPRegen  0.09/turn              (no ring)

@: berserk cooldown, slowed, very slow
A: negative energy resistance 1, electricity resistance, unbreathing,
petrification resistance, rot immunity, AC +3
a: Berserk, Renounce Religion


You were on level 2 of the Dungeon.
You worshipped Trog.
Trog was aware of your devotion.
You were hungry.

You visited 1 branch of the dungeon, and saw 2 of its levels.

You collected 79 gold pieces.

Inventory:

Hand Weapons
 a - a +0 hand axe (weapon)
Armour
 b - a +0 animal skin (worn)
Scrolls
 d - 2 scrolls of remove curse {unknown}
 e - 2 scrolls of identify {unknown}
 j - a scroll of fear {unknown}
Potions
 f - a potion of ambrosia {unknown}
 g - 2 potions of curing {unknown}
 h - a potion of brilliance {unknown}
 i - a potion of resistance {unknown}
Comestibles
 c - 3 rations
 k - 6 chunks of flesh


   Skills:
 + Level 4.0 Fighting
 + Level 3.2 Axes
 + Level 3.1 Armour
 + Level 2.2 Dodging


You had 3 spell levels left.
You didn't know any spells.
Your spell library was empty.

Dungeon Overview and Level Annotations

Branches:
Dungeon (2/15)

Altars:


Innate Abilities, Weirdness & Mutations

You are resistant to torment.
Your stone body is resilient. (AC +3)
You are immune to poison.
You resist negative energy. (rN+)
You are resistant to electric shocks. (rElec)
You can survive without breathing.
You are immune to petrification.
You are immune to rotting.


Message History

You kill the giant cockroach!
Trog accepts your kill.
You slash the hobgoblin!
You kill the hobgoblin!
Trog accepts your kill.
You slash the rat!
You kill the rat!
Trog accepts your kill.
Things that are here:
a +0 club; a dark potion; a scroll labeled IBUAPHIUXO You feel a strong urge to attack something.
You feel your anger nearly subside.
You are no longer berserk.
You are exhausted.
You feel yourself slow down. The worm bites you. The worm bites you.
* * * LOW HITPOINT WARNING * * *
Found a leather armour.
The worm bites you!
You die...

.. #.### #........#
#!..#.... ## #...#...
....#.%.#..#
...[....#..# ###
..#####.#..### ..#
.......@w††..##.!#######
.##.###..†......# #....#
#......)#.†#..###.##..
.....#..###.#..###÷)###.
.... #.## #.#.###..#####
.#. ... #............. #
.... #....###.######
##..##....### .(# #..
#.#..# .###


You could see a worm.

Vanquished Creatures
  A hound (D:2)
  3 adders (D:2)
  A dart slug (D:1)
  2 ball pythons (D:2)
  2 bats
  A giant cockroach (D:2)
  2 goblins
  4 hobgoblins
  3 frilled lizards
  3 kobolds (D:2)
  3 rats
25 creatures vanquished.

Notes
Turn   | Place    | Note
-------+----------+-------------------------------------------
     0 | D:1      | Fang the Gargoyle Berserker began the quest for the Orb.
     0 | D:1      | Reached XP level 1. HP: 14/14 MP: 1/1
   280 | D:1      | Reached XP level 2. HP: 15/19 MP: 2/2
   721 | D:2      | Reached XP level 3. HP: 17/24 MP: 3/3
   838 | D:2      | Reached * piety under Trog
   865 | D:2      | Reached XP level 4. HP: 16/29 MP: 4/4
   867 | D:2      | Reached skill level 4 in Fighting
   875 | D:2      | Mangled by a worm

Skill      XL: |  1  2  3  4 |
---------------+-------------+-----
Axes           | 3 |  3.2
Dodging        | 2 |  2.2
Armour         | 3 |  3.1
Fighting       | 4 |  4.0

Action                   |  1- 3 |  4- 6 || total
-------------------------+-------+-------++-------
Melee: Hand axe          |    69 |     2 ||    71
Invok: Berserk           |     1 |       ||     1
Armor: Animal skin       |    23 |       ||    23
Dodge: Dodged            |    55 |     3 ||    58
